 Dungeon Crawl Stone Soup version 0.19.0-22-gd96e5fe (webtiles) character file.

107 sugabear the Cudgeler (level 4, -10/23 HPs)
             Began as a Vine Stalker Gladiator on Nov 18, 2016.
             Mangled by dialectric's ghost (16 damage)
             ... on level 3 of the Dungeon.
             The game lasted 00:02:30 (2122 turns).

sugabear the Cudgeler (Vine Stalker Gladiator)      Turns: 2122, Time: 00:02:30

Health: -10/23     AC:  6    Str: 19    XL:     4   Next: 85%
Magic:  0/5        EV: 12    Int:  8    God:
Gold:   138        SH:  0    Dex: 14    Spells: 0 memorised, 3 levels left

rFire  . . .     SeeInvis .     a - +0 flail
rCold  . . .     Gourm    .     m - +0 ring mail
rNeg   . . .     Faith    .     (no shield)
rPois  .         Spirit   +     c - +0 helmet
rElec  .         Reflect  .     (no cloak)
rCorr  .         Harm     .     (no gloves)
MR     .....                    (no boots)
Stlth  +.........               (no amulet)
                                (no ring)
                                (no ring)

@: no status effects
A: fangs 2, regeneration 1, magic shield, antimagic bite, no device heal 3, rot
immunity
a: no special abilities


You were on level 3 of the Dungeon.
You were not hungry.

You visited 1 branch of the dungeon, and saw 3 of its levels.

You collected 138 gold pieces.

Inventory:

Hand Weapons
 a - a +0 flail (weapon)
Missiles
 d - 3 throwing nets (quivered)
Armour
 c - a +0 helmet (worn)
 m - a +0 ring mail (worn)
Scrolls
 e - a scroll of noise {unknown}
 g - a scroll of identify {unknown}
 i - 2 scrolls of recharging {unknown}
 l - a scroll of teleportation {unknown}
 n - a scroll of enchant weapon {unknown}
 o - 2 scrolls of remove curse {unknown}
 q - a scroll of random uselessness {unknown}
Potions
 b - 6 potions of curing {unknown}
 h - 3 potions of magic {unknown}
 j - a potion of lignification {unknown}
 p - a potion of brilliance {unknown}
 t - a potion of heal wounds {unknown}
Comestibles
 f - 2 bread rations
 k - a meat ration
 r - a chunk of flesh
 s - 3 fruits


   Skills:
 + Level 2.4 Fighting
 + Level 3.5 Maces & Flails
 + Level 1.8 Throwing
 + Level 1.2 Armour
 + Level 2.9 Dodging
 + Level 1.1 Stealth


You had 3 spell levels left.
You didn't know any spells.

Dungeon Overview and Level Annotations

Branches:
Dungeon (3/15)

Altars:

Annotations:
D:3 dialectric's ghost, amateur MiCK


Innate Abilities, Weirdness & Mutations

You have extremely sharp teeth.
Your natural rate of healing is unusually fast.
When hurt, damage is shared between your health and your magic reserves.
Your bite disrupts and absorbs the magic of your enemies.
Potions and wands cannot restore your health.
You are immune to rotting.


Message History

You drain its power.
You feel invigorated.
You kill the giant cockroach!
You hit dialectric's ghost but do no damage.
Dialectric's ghost is lightly damaged.
Dialectric's ghost says, "You will join me soon!"
Dialectric's ghost hits you.
You sock dialectric's ghost!
You bite dialectric's ghost, but do no damage.
Dialectric's ghost is moderately damaged.
Dialectric's ghost hits you.
You are electrocuted!
Ouch! That really hurt!
* * * LOW HITPOINT WARNING * * *
Unknown command.
Dialectric's ghost hits you but does no damage.
There is a stone staircase leading up here.
Dialectric's ghost hits you.
* * * LOW HITPOINT WARNING * * *
You are electrocuted!
Ouch! That really hurt!
You die...

### #.. ####.## #.....#
#.##..####
########†.W@....##
######.................#
.......#...##..#..##.#.#
#######.....#.....# # #
# ##...###.#.... # ##.##
#.###.## # #.# #.# .# #
#.# #.. .. # #'## ### ##


You could see dialectric's ghost.

Vanquished Creatures
  3 gnolls
  3 adders (D:2)
  3 leopard geckos
  5 giant cockroaches
  6 goblins
  7 hobgoblins
  A jackal (D:1)
  6 kobolds
  A ball python (D:1)
  4 bats
  4 frilled lizards
  4 rats
47 creatures vanquished.

Notes
Turn   | Place    | Note
-------+----------+-------------------------------------------
     0 | D:1      | sugabear the Vine Stalker Gladiator began the quest for the Orb.
     0 | D:1      | Reached XP level 1. HP: 11/11 MP: 2/2
   117 | D:1      | Reached XP level 2. HP: 11/15 MP: 3/3
   118 | D:1      | Reached skill level 3 in Maces & Flails
   663 | D:1      | Reached XP level 3. HP: 18/18 MP: 4/4
  1180 | D:2      | Reached skill level 1 in Stealth
  1180 | D:2      | Gained mutation: Your natural rate of healing is unusually fast. [Vine Stalker growth]
  1180 | D:2      | Reached XP level 4. HP: 12/23 MP: 3/5
  1537 | D:2      | Reached skill level 1 in Armour
  2080 | D:3      | Noticed dialectric's ghost (amateur MiCK)
  2122 | D:3      | Mangled by dialectric's ghost

Skill      XL: |  1  2  3  4 |
---------------+-------------+-----
Maces & Flails | 3 |  3.5
Fighting       | 2 |  2.4
Stealth        | 1 |  1.1
Armour         | 1 |  1.2
Throwing       | |  1.8
Dodging        | |  2.9

Action                   |  1- 3 |  4- 6 || total
-------------------------+-------+-------++-------
Melee: Flail             |    78 |    85 ||   163
       Bite              |    21 |    21 ||    42
 Stab: Sleeping          |     1 |       ||     1
  Eat: Chunk             |       |     4 ||     4
Armor: Leather armour    |    19 |       ||    19
       Ring mail         |    11 |    39 ||    50
Dodge: Dodged            |    67 |    58 ||   125
